 Dungeon Crawl Stone Soup version 0.28-a0-804-g60983d4ba9 (webtiles) character file.

Game seed: 10646732421694397143

70 vurker the Chopper (level 4, 0/39 HPs)
             Began as a Palentonga Fighter on Nov 7, 2021.
             Was an Initiate of Gozag.
             Killed by nerve-wracking pain
             ... invoked by Grinder
              (7 damage)
             ... while paralysed by Grinder
             ... on level 3 of the Dungeon.
             The game lasted 00:02:20 (1520 turns).

vurker the Chopper (Palentonga Fighter)             Turns: 1520, Time: 00:02:21

Health: 0/39       AC:  6    Str: 20    XL:     4   Next: 3%
Magic:  4/4        EV:  1    Int:  9    God:    Gozag
Gold:   189        SH:  0    Dex:  9    Spells: 3/3 levels left

rFire   . . .      SeeInvis +   a - +0 war axe
rCold   . . .      Faith    .   c - +0 buckler
rNeg    . . .      Spirit   .   b - +0 scale mail
rPois   .          Reflect  .   (no helmet)
rElec   .          Harm     .   (no cloak)
rCorr   .          Rampage  .   (no gloves)
Will    .....                   (no barding)
Stlth   ..........              (no amulet)
HPRegen 0.13/turn               (no ring)
MPRegen 0.09/turn               (no ring)

@: paralysed, mighty
A: large, rugged brown scales 3, see invisible, deformed body, roll 1, armoured
tail
a: Rolling Charge, Renounce Religion, Potion Petition, Call Merchant, Bribe
Branch


You were on level 3 of the Dungeon.
You worshipped Gozag.
Gozag was aware of your devotion.
You visited 1 branch of the dungeon, and saw 3 of its levels.

You collected 189 gold pieces.

Inventory:

Hand Weapons
 a - a +0 war axe (weapon)
Armour
 b - a +0 scale mail (worn)
 c - a +0 buckler (worn)
Scrolls
 g - a scroll of identify {unknown}
 h - a scroll of immolation {unknown}
 i - a scroll of fog {unknown}
 j - a scroll of magic mapping {unknown}
 l - a scroll of noise {unknown}
Potions
 e - a potion of brilliance {unknown}
 f - a potion of cancellation {unknown}
 k - a potion of resistance {unknown}


   Skills:
 + Level 3.7 Fighting
 * Level 3.7 Axes
 - Level 2.4 Armour
 - Level 2.4 Shields


You had 3 spell levels left.
You didn't know any spells.
Your spell library was empty.

Dungeon Overview and Level Annotations

Branches:
Dungeon (3/15)

Altars:
Gozag
Trog

Annotations:
D:3 Grinder


Innate Abilities, Weirdness & Mutations

You are completely covered in rugged brown scales. (AC +3, +7% HP)
You have supernaturally acute eyesight. (SInv)
Armour fits poorly on your strangely shaped body.
You can roll at nearby foes to attack.
You have a long armoured tail.


Message History

No target in view!
No target in view!
You now have 189 gold pieces (gained 7).
Grinder comes into view.
Grinder shouts!
Grinder gestures at you.
You suddenly lose the ability to move!
Grinder hits you!
You writhe in agony.
Grinder hits you!
You writhe in agony.
* * * LOW HITPOINT WARNING * * *
Grinder hits you.
* * * LOW HITPOINT WARNING * * *
Grinder gestures at you.
You barely resist. Grinder hits you but does no damage.
You can move again.
Okay, then.
You feel very mighty all of a sudden. Grinder gestures at you.
You shrug off the repeated paralysis!
You barely miss Grinder.
Grinder blinks!
Grinder gestures at you. Pain shoots through your body!
* * * LOW HITPOINT WARNING * * *
Grinder blinks!
You aren't carrying any items that you can evoke.
You slash Grinder! Grinder gestures at you.
You suddenly lose the ability to move!
Grinder hits you but does no damage. Grinder hits you.
* * * LOW HITPOINT WARNING * * *
You writhe in agony.
* * * LOW HITPOINT WARNING * * *
Grinder blinks! x2
Grinder hits you.
* * * LOW HITPOINT WARNING * * *
You writhe in agony.
* * * LOW HITPOINT WARNING * * *
You can move again.
Unknown command.
You slash Grinder! Grinder hits you but does no damage.
Grinder barely misses you.
You slash Grinder! Grinder gestures at you.
You suddenly lose the ability to move!
Grinder gestures at you. Pain shoots through your body!
You die...
Your body crumbles into a pile of gold.

#.# #.....# #..# #.#
#.....# #..# #.#
###'### #..#
#####.#####.# #..#
#####...........#
#..#
..........#######
#..# ........###
#.........###########
..........5@.........
#.###.###.###########
# ... .....
###.###.### #. #..
###


You could see Grinder.

Vanquished Creatures
  2 adders
  A worm (D:2)
  3 dart slugs
  2 endoplasms
  3 giant cockroaches
  A goblin (D:1)
  6 hobgoblins
  3 jackals (D:1)
  A quokka (D:1)
  3 ball pythons (D:2)
  A bat (D:3)
  9 frilled lizards (D:1)
  7 kobolds
  4 rats
46 creatures vanquished.

Vanquished Creatures (others)
  3 plants (D:1)
3 creatures vanquished.

Grand Total: 49 creatures vanquished

Notes
Turn   | Place    | Note
-------+----------+-------------------------------------------
     0 | D:1      | vurker the Palentonga Fighter began the quest for the Orb.
     0 | D:1      | Reached XP level 1. HP: 19/19 MP: 1/1
    24 | D:1      | Reached XP level 2. HP: 23/25 MP: 2/2
   391 | D:1      | Reached XP level 3. HP: 22/31 MP: 3/3
   560 | D:1      | Found a faded altar of an unknown god.
   628 | D:1      | Prayed at the altar of an unknown god.
   628 | D:1      | Became a worshipper of Gozag Ym Sagoz the Greedy
   984 | D:2      | Found a bloodstained altar of Trog.
  1355 | D:3      | Reached XP level 4. HP: 28/39 MP: 4/4
  1497 | D:3      | Noticed Grinder
  1500 | D:3      | Paralysed by Grinder for 6 turns
  1512 | D:3      | Paralysed by Grinder for 6 turns
  1519 | D:3      | Paralysed by Grinder for 4 turns
  1520 | D:3      | Killed from afar by Grinder

Illustrated notes

Levels and vault maps discovered:
D:1:      saegor_arrival_simple_a, layout_rooms,
          shapermc_ecumenical_altar_mp_vishouse, minmay_lizard_king
D:2:      layout_rooms, basic_altar
D:3:      layout_basic, nicolae_ru_great_annihilating_truth, uniq_grinder,
          uniq_pargi, uniq_sigmund

Skill      XL: |  1  2 |
---------------+-------+-----
Axes           | 3 |  3.7
Fighting       | |  3.7
Armour         | |  2.4
Shields        | |  2.4

Action                   |  1- 3 |  4- 6 || total
-------------------------+-------+-------++-------
Melee: War axe           |    88 |    13 ||   101
       Tailslap          |    13 |       ||    13
  Use: Potion            |       |     1 ||     1
Armor: Scale mail        |    37 |    15 ||    52
Dodge: Dodged            |    29 |     3 ||    32
Block: Buckler           |    18 |       ||    18

Table legend: (Time is in decaauts)
 A = Elapsed time spent in this place.
 B = Non-inter-level travel time spent in this place.
 C = Inter-level travel time spent in this place.
 D = Time resting spent in this place.
 E = Time spent auto-exploring this place.
 F = Levels seen in this place.
 G = Mean time per level.
                   A        B        C        D        E       F      G
               +--------+--------+--------+--------+--------+-----+--------+
         Total |   1554 |   1490 |     64 |      0 |   1176 |   3 |  518.0 |
       Dungeon |   1554 |   1490 |     64 |      0 |   1176 |   3 |  518.0 |
               +--------+--------+--------+--------+--------+-----+--------+

Top non-repeatable levels by time:
     D:2: 672 daAuts
     D:1: 666 daAuts
     D:3: 215 daAuts
